 Dungeon Crawl Stone Soup version 0.26-b1-52-g61e05abef2 (webtiles) character file.

Game seed: 14599092972271651154

95 raceaflais the Chopper (level 4, -1/41 HPs)
             Began as a Hill Orc Berserker on Jan 7, 2021.
             Was a Believer of Trog.
             Slain by a worm (6 damage)
             ... on level 4 of the Dungeon.
             The game lasted 00:02:19 (2493 turns).

raceaflais the Chopper (Hill Orc Berserker)         Turns: 2493, Time: 00:02:19

Health: -1/41      AC:  6    Str: 20    XL:     4   Next: 65%
Magic:  4/4        EV: 11    Int:  7    God:    Trog [**....]
Gold:   134        SH:  0    Dex: 10    Spells: 3/3 levels left

rFire    . . .     SeeInvis .   a - +0 hand axe
rCold    . . .     Faith    .   (no shield)
rNeg     . . .     Spirit   .   f - +0 ring mail
rPois    .         Reflect  .   g - +0 helmet
rElec    .         Harm     .   (no cloak)
rCorr    .         Rampage  .   (no gloves)
Will     .....                  (no boots)
Stlth    ..........             (no amulet)
HPRegen  0.13/turn              (no ring)
MPRegen  0.09/turn              (no ring)

@: no status effects
A: no striking features
a: Renounce Religion, Berserk, Trog's Hand


You were on level 4 of the Dungeon.
You worshipped Trog.
Trog was pleased with you.
You visited 1 branch of the dungeon, and saw 4 of its levels.

You collected 134 gold pieces.

Inventory:

Hand Weapons
 a - a +0 hand axe (weapon)
 l - a +1 antimagic mace
Missiles
 o - 21 poisoned darts
 p - 6 javelins
Armour
 f - a +0 ring mail (worn)
 g - a +0 helmet (worn)
Jewellery
 b - a cursed ring of attention {unknown}
 c - a cursed -4 ring of protection {unknown}
 i - an uncursed ring of fire {unknown}
Scrolls
 e - 3 scrolls of teleportation
 j - a scroll of identify {unknown}
 k - a scroll of remove curse
Potions
 d - a potion of mutation {unknown}
 m - a potion of might {unknown}
 n - a potion of flight {unknown}


   Skills:
 + Level 4.5 Fighting
 + Level 5.5 Axes
 + Level 2.8 Armour
 + Level 1.9 Dodging
 + Level 0.1 Stealth


You had 3 spell levels left.
You didn't know any spells.
Your spell library was empty.

Dungeon Overview and Level Annotations

Branches:
Dungeon (4/15)
 Temple: D:4-7

Altars:
Hepliaklqana


Message History

Trog accepts your kill.
* * * LOW HITPOINT WARNING * * *
You feel sick. The worm bites you!
* * * LOW HITPOINT WARNING * * *
It was a potion of curing.
You feel better. The worm barely misses you.
You completely miss the worm.
The worm is almost dead.
You hit the worm but do no damage.
The worm is almost dead.
The worm bites you.
* * * LOW HITPOINT WARNING * * *
You completely miss the worm.
The worm is severely wounded.
You hit the worm but do no damage.
The worm is severely wounded.
The worm completely misses you.
You hit the worm.
The worm is almost dead.
The worm bites you.
You die...

.. #. #.$ #..
########## #.#
###.....<... #..#
###...........
#...####.....########
#.w@......###
##...###### #####


You could see a worm.

Vanquished Creatures
  A worker ant (D:4)
  A hound skeleton (D:4)
  An adder (D:3)
  An ooze (D:1)
  A worm (D:2)
  2 dart slugs (D:1)
  2 leopard geckos
  2 giant cockroaches
  A goblin (D:3)
  5 hobgoblins
  3 jackals (D:2)
  A quokka (D:2)
  A ball python (D:1)
  2 bats (D:2)
  3 frilled lizards
  7 kobolds
  A quokka skeleton (D:4)
  4 rats
39 creatures vanquished.

Notes
Turn   | Place    | Note
-------+----------+-------------------------------------------
     0 | D:1      | raceaflais the Hill Orc Berserker began the quest for the
                  | Orb.
     0 | D:1      | Reached XP level 1. HP: 19/19 MP: 1/1
   245 | D:1      | Reached XP level 2. HP: 27/27 MP: 2/2
   786 | D:2      | Reached XP level 3. HP: 26/33 MP: 3/3
   966 | D:2      | Found a hazy altar of Hepliaklqana.
  1285 | D:2      | Reached skill level 5 in Axes
  2040 | D:3      | Reached ** piety under Trog
  2078 | D:3      | Reached XP level 4. HP: 41/41 MP: 4/4
  2487 | D:4      | HP: 1/41 [worm (8)]
  2493 | D:4      | Slain by a worm

Illustrated notes

Levels and vault maps discovered:
D:1:      dpeg_arrival_round_b, layout_rooms, chequers_garden
D:2:      layout_basic, nzn_hepliaklqana_mist_gate, kennysheep_path_1,
          chequers_serial_rivers_micro_e
D:3:      layout_basic
D:4:      layout_layer_cave, hangedman_decor_points, fedhas_altar_4, uniq_robin,
          uniq_blork_the_orc

Skill      XL: |  1  2  3 |
---------------+----------+-----
Fighting       | 4 |  4.5
Axes           | 5 |  5.5
Armour         | |  2.8
Dodging        | |  1.9
Stealth        | |  0.1

Action                   |  1- 3 |  4- 6 || total
-------------------------+-------+-------++-------
Melee: Hand axe          |    97 |    25 ||   122
  Use: Scroll            |     5 |       ||     5
       Potion            |       |     1 ||     1
Armor: Animal skin       |     2 |       ||     2
       Ring mail         |    22 |     7 ||    29
Dodge: Dodged            |    61 |     9 ||    70
